 Dungeon Crawl Stone Soup version 0.29-a0-885-gb26ba3297d (webtiles) character file.

Game seed: 12755924672669606599

33 Hubris850 the Shooter (level 3, 0/20 HPs)
             Began as a Kobold Arcane Marksman on July 20, 2022.
             Was a Follower of Wu Jian.
             Succumbed to an adder's poison
             ... on level 2 of the Dungeon.
             The game lasted 00:04:17 (1656 turns).

Hubris850 the Shooter (Kobold Arcane Marksman)      Turns: 1656, Time: 00:04:18

Health: 0/20       AC:  2    Str:  7    XL:     3   Next: 47%
Magic:  4/4        EV: 15    Int: 14    God:    Wu Jian [*.....]
Gold:   80         SH:  0    Dex: 17    Spells: 3/4 levels left

rFire   . . .      SeeInvis .   a - +0 dagger
rCold   . . .      Faith    .   (no shield)
rNeg    . . .      Spirit   .   c - +0 robe
rPois   .          Reflect  .   (no helmet)
rElec   .          Harm     .   (no cloak)
rCorr   .          Rampage  .   (no gloves)
Will    .....                   (no boots)
Stlth   +++.......              (no amulet)
HPRegen 0.06/turn               (no ring)
MPRegen 0.09/turn               (no ring)

@: lethally poisoned (0 -> -2)
A: small, no large weapons, nightstalker 3
a: Renounce Religion


You were on level 2 of the Dungeon.
You worshipped Wu Jian.
Wu Jian was aware of your devotion.
You visited 1 branch of the dungeon, and saw 2 of its levels.

You collected 80 gold pieces.

Inventory:

Hand Weapons
 a - a +0 dagger (weapon)
 b - a +0 shortbow
 l - a +0 sling
Missiles
 m - 2 datura-tipped darts
Armour
 c - a +0 robe (worn)
Magical Staves
 n - a staff of fire
Scrolls
 d - a scroll of vulnerability
 e - a scroll of acquirement {unknown}
 f - a scroll of enchant armour {unknown}
 i - a scroll of butterflies {unknown}
 k - a scroll of brand weapon {unknown}
Potions
 g - a potion of invisibility {unknown}
 h - 3 potions of degeneration {unknown}
 j - a potion of curing {unknown}


   Skills:
 - Level 1.1 Fighting
 + Level 3.5 Ranged Weapons
 + Level 3.2 Dodging
 + Level 2.2 Stealth
 - Level 1.1 Spellcasting
 - Level 3.0 Hexes


You had 3 spell levels left.
You knew the following spells:

 Your Spells              Type           Power      Damage    Failure   Level
a - Slow                  Hex            36%        N/A       8%          1

Your spell library contained the following spells:

 Spells                   Type           Power      Damage    Failure   Level
 Inner Flame              Hex/Fire       4%         N/A       38%         3
 Portal Projectile        Hex/Tloc       8%         N/A       38%         3
 Cause Fear               Hex            4%         N/A       58%         4


Dungeon Overview and Level Annotations

Branches:
Dungeon (2/15)

Altars:
Wu Jian


Innate Abilities, Weirdness & Mutations

You are small and have problems with some larger weapons.
You are completely attuned to the shadows.


Message History

The arrow completely misses the ball python.
The ball python hisses angrily.
You hear an angry hiss.
A bat comes into view.
An adder comes into view.
The bat barely misses you. The bat barely misses you.
The bat hits you but does no damage.
You shoot an arrow. The arrow closely misses the bat.
The bat barely misses you.
You shoot an arrow. The arrow misses the adder.
The bat hits you but does no damage. The adder bites you.
You are poisoned.
The adder poisons you!
a - a +0 dagger (weapon)
You feel sick.
A rat comes into view.
The adder bites you.
You are more poisoned.
The adder poisons you!
You hit the adder but do no damage.
You feel sick. The adder closely misses you.
You closely miss the adder.
You feel sick. The adder barely misses you.
You are too injured to fight recklessly!
You are too injured to fight recklessly!
You are too injured to fight recklessly!
You closely miss the adder.
You feel sick. The adder closely misses you. The adder bites you.
* * * LOW HITPOINT WARNING * * *
You closely miss the adder.
* * * LOW HITPOINT WARNING * * *
You feel sick. The adder closely misses you.
The rat bites you but does no damage.
You hit the adder but do no damage.
* * * LOW HITPOINT WARNING * * *
You feel sick. The adder closely misses you. The rat misses you.
You closely miss the adder.
* * * LOW HITPOINT WARNING * * *
You feel sick. The adder barely misses you. The rat barely misses you.
The adder completely misses you.
You closely miss the adder.
You die...

#..#.#.###.#.#
#.†..<....<#.######....
#......##..........)...
#................##...#
..................#...#
#.#.#..##.##.#.).......
#.#..##.##.##.bS#.... #
.... . ##S###..# ##..#
#@# ..# #r# .# #.# #.#
... #.#


You could see an adder, a bat, a ball python and a rat.

Vanquished Creatures
  A dart slug (D:1)
  3 ball pythons
  3 bats (D:1)
  4 endoplasms
  4 giant cockroaches (D:1)
  4 hobgoblins
  2 jackals (D:1)
  2 frilled lizards (D:1)
  A goblin (D:2)
  3 rats (D:1)
27 creatures vanquished.

Notes
Turn   | Place    | Note
-------+----------+-------------------------------------------
     0 | D:1      | Hubris850 the Kobold Arcane Marksman began the quest for
                  | the Orb.
     0 | D:1      | Reached XP level 1. HP: 12/12 MP: 2/2
   103 | D:2      | Reached skill level 1 in Stealth
   103 | D:2      | Reached XP level 2. HP: 3/16 MP: 3/3
   389 | D:1      | Found a faded altar of an unknown god.
   460 | D:1      | Prayed at the altar of an unknown god.
   460 | D:1      | Became a worshipper of the Wu Jian Council
   460 | D:1      | Reached * piety under Wu Jian
   727 | D:1      | Reached XP level 3. HP: 10/20 MP: 4/4
  1655 | D:2      | HP: 1/20 [poisoned by an adder]
  1656 | D:2      | Succumbed to an adder's poison

Illustrated notes

Levels and vault maps discovered:
D:1:      psy_arrival_terrarium, layout_loops_ring,
          ebering_ecumenical_altar_sacrificial
D:2:      layout_loops_ring, uniq_jessica

Skill      XL: |  1  2  3 |
---------------+----------+-----
Ranged Weapons | 3 |  3.5
Stealth        | 1 2 |  2.2
Dodging        | 3 |  3.2
Fighting       | |  1.1
Spellcasting   | |  1.1
Hexes          | |  3.0

Action                   || total
-------------------------++-------
Melee: Dagger            ||    60
 Fire: Sling             ||    41
       Shortbow          ||    10
 Cast: Slow              ||     1
Invok: Whirlwind         ||     9
       Lunge             ||     1
 Stab: Sleeping          ||     1
Armor: Robe              ||    13
Dodge: Dodged            ||    84

Table legend: (Time is in decaauts)
 A = Elapsed time spent in this place.
 B = Non-inter-level travel time spent in this place.
 C = Inter-level travel time spent in this place.
 D = Time resting spent in this place.
 E = Time spent auto-exploring this place.
 F = Levels seen in this place.
 G = Mean time per level.
                   A        B        C        D        E       F      G
               +--------+--------+--------+--------+--------+-----+--------+
         Total |   1665 |   1665 |      0 |    455 |    922 |   2 |  832.5 |
       Dungeon |   1665 |   1665 |      0 |    455 |    922 |   2 |  832.5 |
               +--------+--------+--------+--------+--------+-----+--------+

Top non-repeatable levels by time:
     D:1: 1503 daAuts
     D:2: 161 daAuts
